 Dungeon Crawl Stone Soup version 0.26-a0-682-g294304f6e8 (webtiles) character file.

Game seed: 2356701873955784493

3085 Klangwelt the Cleaver (level 10, 0/76 HPs)
             Began as a Formicid Fighter on Oct 20, 2020.
             Was a Priest of Okawaru.
             Slain by a hornet (10 damage)
             ... on level 7 of the Dungeon.
             The game lasted 00:30:46 (8679 turns).

Klangwelt the Cleaver (Formicid Fighter)            Turns: 8679, Time: 00:30:49

Health: 0/76       AC: 13    Str: 23    XL:     10   Next: 12%
Magic:  11/11      EV:  5    Int:  9    God:    Okawaru [***...]
Gold:   362        SH: 11    Dex: 16    Spells: 9/9 levels left

rFire    . . .     SeeInvis +   a - +1 war axe
rCold    . . .     Faith    .   i - +1 kite shield
rNeg     . . .     Spirit   .   h - +0 plate armour
rPois    .         Reflect  .   (helmet unavailable)
rElec    .         Harm     .   e - +0 cloak
rCorr    .         Rampage  .   (no gloves)
MR       ++...                  p - +0 pair of boots
Stlth    ..........             (no amulet)
HPRegen  0.22/turn              g - ring of protection from magic
MPRegen  0.12/turn              c - +6 ring of dexterity

@: lethally poisoned (0 -> -20)
A: permanent stasis, dig shafts and tunnels, four strong arms, antennae 3
a: Dig, Shaft Self, Heroism, Renounce Religion


You were on level 7 of the Dungeon.
You worshipped Okawaru.
Okawaru was most pleased with you.
You visited 1 branch of the dungeon, and saw 7 of its levels.
You also visited: Sewer.

You collected 362 gold pieces.

Inventory:

Hand Weapons
 a - a +1 war axe (weapon)
 l - a +2 vorpal hand axe
 n - a +0 morningstar
Missiles
 b - 2 throwing nets
 s - 9 boomerangs (quivered)
 u - 6 javelins
Armour
 e - a +0 cloak (worn)
 h - a +0 plate armour (worn)
 i - a +1 kite shield (worn)
 p - a +0 pair of boots (worn)
Magical Staves
 E - an uncursed staff of death {unknown}
Jewellery
 c - a +6 ring of dexterity (right hand)
 g - a ring of protection from magic (left hand)
 v - an uncursed ring of protection from fire {unknown}
 y - an uncursed ring of magical power {unknown}
Scrolls
 f - 3 scrolls of enchant armour
 q - a scroll of magic mapping
 t - 3 scrolls of identify
 w - a scroll of enchant weapon
 C - a scroll of fear
 D - a scroll of amnesia
Potions
 d - 2 potions of might
 j - 4 potions of resistance
 k - 2 potions of lignification
 m - a potion of magic {unknown}
 o - a potion of stabbing
 r - 2 potions of heal wounds {unknown}
 x - a potion of curing
 z - a potion of ambrosia {unknown}
 A - 2 potions of invisibility {unknown}
 B - a potion of brilliance {unknown}


   Skills:
 + Level 6.2 Fighting
 * Level 11.9 Axes
 - Level 3.2 Armour
 + Level 5.2 Shields
 - Level 2.0 Invocations


You had 9 spell levels left.
You didn't know any spells.
Your spell library contained the following spells:

 Spells                   Type           Power        Failure   Level
 Animate Skeleton         Necr           #.....       100%        1
 Apportation              Tloc           #.....       100%        1
 Corona                   Hex            #......      100%        1
 Sting                    Tmut/Pois      #...         100%        1
 Summon Small Mammal      Summ           #...         100%        1
 Poisonous Vapours        Pois/Air       #.....       100%        2
 Ignite Poison            Fire/Tmut/Pois #.......     100%        3
 Mephitic Cloud           Conj/Pois/Air  #.......     100%        3
 Olgreb's Toxic Radiance  Pois           #.......     100%        4
 Irradiate                Conj/Tmut      #.........   100%        5
 Hydra Form               Tmut           #.........   100%        6
 Statue Form              Tmut/Erth      #........    100%        6
 Dragon Form              Tmut           #.........   100%        7


Dungeon Overview and Level Annotations

Branches:
Dungeon (7/15)              Sewer (visited)
 Temple: D:4-7

Altars:
Ashenzari
Elyvilon
Fedhas
Gozag
Hepliaklqana
Kikubaaqudgha
Okawaru
Qazlal
Trog
Uskayaw
Vehumet
Xom
Beogh

Annotations:
D:5 2 runed translucent doors
D:6 3 runed translucent doors, exclusion: 3 doors, UristMcRaven's ghost, novice DsTm


Innate Abilities, Weirdness & Mutations

You cannot be hasted, slowed, berserked, paralysed or teleported.
You can dig through walls and to a lower floor.
Your four strong arms can wield two-handed weapons with a shield.
You have a pair of large antennae on your head. (SInv)


Message History

You hit the hornet.
The hornet is severely wounded.
You feel sick. The hornet stings you!
You are more poisoned.
Your stasis prevents you from being slowed.
You slash the hornet!
The hornet is almost dead.
You feel sick. You block the hornet's attack. The hornet stings you.
Your stasis prevents you from being slowed.
You miss the hornet.
The hornet is almost dead.
You feel sick. You block the hornet's attack.
You hit the hornet.
The hornet is almost dead.
You feel sick. The hornet stings you!
* * * LOW HITPOINT WARNING * * *
You are more poisoned.
Your stasis prevents you from being slowed.
The hornet stings you!
You die...

###......#
##........#
##.....###.#
##....###
#.# ##...###
#.# ###...##
#.#
###.?..##
#.#
####...[.##
#.#
#....y@.##
#.###
#......###
#...#
#....##
###.# #.##
#.. # ### #
{ .


You could see a hornet.

Vanquished Creatures
  A steam dragon (D:5)
  Duvessa (D:4)
  A phantom (D:5)
  An orc warrior (D:5)
  2 ice beasts (D:5)
  A sky beast (D:5)
  3 ogres (D:5)
  3 centaurs
  4 big kobolds (Sewer)
  2 bullfrogs (D:6)
  Dowan (D:4)
  4 scorpions
  4 howler monkeys
  A quasit (D:6)
  2 jellies (D:5)
  A hound (D:2)
  An orc priest (D:6)
  2 bullfrog skeletons (D:5)
  2 iguanas
  7 orc wizards
  4 worker ants
  2 killer bee zombies
  A hound zombie (D:6)
  7 gnolls
  6 river rats
  14 adders
  3 white imps (D:5)
  3 ufetubi (D:5)
  4 oozes
  2 adder skeletons (D:4)
  9 worms
  3 dart slugs
  4 leopard geckos (D:5)
  21 orcs
  4 ball pythons
  9 giant cockroaches
  4 goblins
  15 hobgoblins
  9 jackals
  5 quokkas
  9 bats
  7 frilled lizards
  8 kobolds
  A leopard gecko skeleton (D:6)
  A quokka skeleton (D:4)
  15 rats
214 creatures vanquished.

Vanquished Creatures (others)
  A dart slug (D:3)
  3 fungi (D:6)
  A plant (D:6)
5 creatures vanquished.

Grand Total: 219 creatures vanquished

Notes
Turn   | Place    | Note
-------+----------+-------------------------------------------
     0 | D:1      | Klangwelt the Formicid Fighter began the quest for the Orb.
     0 | D:1      | Reached XP level 1. HP: 18/18 MP: 1/1
   108 | D:1      | Reached XP level 2. HP: 19/24 MP: 2/2
   323 | D:1      | Reached XP level 3. HP: 25/30 MP: 3/3
   470 | D:1      | Reached skill level 3 in Axes
  1181 | D:2      | Reached XP level 4. HP: 28/37 MP: 4/4
  1318 | D:1      | Reached skill level 4 in Axes
  1437 | D:2      | Reached XP level 5. HP: 21/42 MP: 5/5
  2196 | D:2      | Reached skill level 5 in Axes
  2723 | D:3      | Found a radiant altar of Vehumet.
  2768 | D:3      | Reached XP level 6. HP: 48/48 MP: 6/6
  3441 | D:3      | Found a bloodstained altar of Trog.
  3734 | D:4      | Noticed Duvessa
  3737 | D:4      | Noticed Dowan
  3743 | D:4      | Killed Duvessa
  3743 | D:4      | Reached skill level 6 in Axes
  3743 | D:4      | Reached XP level 7. HP: 52/55 MP: 7/7
  3750 | D:4      | Killed Dowan
  3913 | D:4      | Found an iron altar of Okawaru.
  3993 | D:4      | Became a worshipper of Warmaster Okawaru
  4061 | D:4      | Found an opulent altar of Gozag.
  4169 | D:4      | Reached skill level 7 in Axes
  4644 | D:5      | Entered Level 5 of the Dungeon
  4731 | D:5      | Found a large runed translucent door.
  4731 | D:5      | Found a large runed translucent door.
  4768 | D:5      | Reached skill level 1 in Invocations
  4768 | D:5      | Reached XP level 8. HP: 51/61 MP: 8/8
  4777 | D:5      | Found a glowing drain.
  4813 | Sewer    | Entered a sewer
  4877 | Sewer    | Reached skill level 5 in Fighting
  4877 | Sewer    | Reached skill level 8 in Axes
  5690 | Sewer    | Reached * piety under Okawaru
  5727 | Sewer    | Reached skill level 9 in Axes
  6024 | D:5      | Found a large runed translucent door.
  6024 | D:5      | Found a large runed translucent door.
  6167 | D:5      | Reached XP level 9. HP: 68/68 MP: 10/10
  6182 | D:5      | Reached ** piety under Okawaru
  6345 | D:5      | Reached skill level 10 in Axes
  6818 | D:5      | Found a hazy altar of Hepliaklqana.
  6818 | D:5      | Found a white marble altar of Elyvilon.
  6820 | D:5      | Found a shimmering altar of Xom.
  6822 | D:5      | Found a broken altar of Ashenzari.
  6823 | D:5      | Found a hide-covered altar of Uskayaw.
  6904 | D:5      | Reached skill level 11 in Axes
  7608 | D:6      | Found a runed translucent gate.
  7608 | D:6      | Noticed UristMcRaven's ghost (novice DsTm)
  7609 | D:6      | Found a runed translucent gate.
  7609 | D:6      | Identified the cursed +3 short sword of Grim Integrity
                  | {drain, Dex+4}
  7610 | D:6      | Found a runed translucent gate.
  7613 | D:6      | Found a roughly hewn altar of Beogh.
  7663 | D:5      | Reached *** piety under Okawaru
  7855 | D:6      | Reached XP level 10. HP: 69/76 MP: 11/11
  7898 | D:6      | Reached skill level 5 in Shields
  8038 | D:6      | Found a blossoming altar of Fedhas.
  8062 | D:6      | Found a stormy altar of Qazlal.
  8348 | D:6      | Found an ancient bone altar of Kikubaaqudgha.
  8679 | D:7      | Slain by a hornet

Illustrated notes

Levels and vault maps discovered:
D:1:      nagdon_arrival_double_spiral, layout_basic, minmay_quantized
D:2:      minmay_door_path, layout_rooms
D:3:      layout_loops_ring, vehumet_crystals, trog_book
D:4:      layout_loops_ring, lemuel_coloured_pillars_altar,
          kennysheep_mini_moat, minmay_misc_feat_columns,
          minmay_misc_feat_ornament, uniq_duvessa
D:5:      minmay_thinvault, layout_loops_corners, grunt_temple_overflow_open,
          portal_sewer_entry_e, minmay_hollow_rounded_squares
D:6:      layout_basic, grunt_temple_overflow_forces_of_nature,
          lemuel_crystal_altar, biasface_ghost_orc_armoury,
          corexii_hall_statues_u
D:7:      layout_rooms, lemuel_temple_firewalk_a, serial_curves, eino_curves_01,
          eino_curves_04, eino_curves_04, eino_curves_04

Skill      XL: |  1  2  3  4  5  6  7  8  9 10 |
---------------+-------------------------------+-----
Axes           | 3 4 5 6 7 9 11 | 11.9
Fighting       | 4 5 6 |  6.2
Invocations    | 1 2 |  2.0
Shields        | 4 5 |  5.2
Armour         | |  3.2

Action                   |  1- 3 |  4- 6 |  7- 9 | 10-12 || total
-------------------------+-------+-------+-------+-------++-------
Melee: War axe           |    96 |   207 |   439 |    53 ||   795
Throw: Boomerang         |       |    14 |    32 |     1 ||    47
       Javelin           |       |       |    13 |       ||    13
Invok: Heroism           |       |       |     2 |       ||     2
  Use: Scroll            |       |     5 |    12 |     1 ||    18
Armor: Scale mail        |    55 |    48 |       |       ||   103
       Plate armour      |       |    65 |   172 |    33 ||   270
Dodge: Dodged            |    34 |    40 |    57 |     8 ||   139
Block: Kite shield       |    60 |   105 |   200 |    19 ||   384

Table legend: (Time is in decaauts)
 A = Elapsed time spent in this place.
 B = Non-inter-level travel time spent in this place.
 C = Inter-level travel time spent in this place.
 D = Time resting spent in this place.
 E = Time spent auto-exploring this place.
 F = Levels seen in this place.
 G = Mean time per level.
                   A        B        C        D        E       F      G
               +--------+--------+--------+--------+--------+-----+--------+
         Total |   9027 |   8843 |    184 |   2594 |   3604 |   8 | 1128.4 |
       Dungeon |   7878 |   7694 |    184 |   2263 |   3224 |   7 | 1125.4 |
         Sewer |   1148 |   1148 |      0 |    331 |    379 |   1 | 1148.0 |
               +--------+--------+--------+--------+--------+-----+--------+

Top non-repeatable levels by time:
     D:5: 2169 daAuts
     D:1: 1415 daAuts
     D:2: 1290 daAuts
   Sewer: 1148 daAuts
     D:4: 1095 daAuts
     D:3: 978 daAuts
     D:6: 879 daAuts
     D:7: 49 daAuts
